 Dungeon Crawl Stone Soup version 0.29.1-15-g9cfb28693d (webtiles) character file.

Game seed: 17153180274721245648

345 venomsnake the Trooper (level 6, 0/78 (85) HPs)
             Began as a Minotaur Berserker on Mar 24, 2023.
             Was a Believer of Trog.
             Slain by a wight
             ... wielding a +4 scimitar
              (14 damage)
             ... on level 7 of the Dungeon.
             The game lasted 00:12:31 (4543 turns).

venomsnake the Trooper (Minotaur Berserker)         Turns: 4543, Time: 00:12:31

HP:   0/78 (85)     AC:  7    Str: 24    XL:     6   Next: 32%
MP:   5/5           EV: 11    Int: 10    God:    Trog [**....]
Gold: 134           SH:  0    Dex:  9    Spells: 5/5 levels left

rFire   . . .      SeeInvis .   p - +0 war axe
rCold   . . .      Faith    .   (no shield)
rNeg    . . .      Spirit   .   l - +0 ring mail
rPois   .          Reflect  .   (helmet restricted)
rElec   .          Harm     .   o - +0 cloak
rCorr   +          Rampage  .   (no gloves)
Will    .....                   (no boots)
Stlth   ..........              (no amulet)
HPRegen 0.23/turn               f - ring of resist corrosion
MPRegen 0.09/turn               k - +6 ring of intelligence

@: berserking, drained, very quick
A: horns 2, retaliatory headbutt
a: Renounce Religion, Berserk, Trog's Hand


You were on level 7 of the Dungeon.
You worshipped Trog.
Trog was pleased with you.
You visited 1 branch of the dungeon, and saw 5 of its levels.

You collected 134 gold pieces.

Inventory:

Hand Weapons
 p - a +0 war axe (weapon)
Missiles
 j - 39 stones (quivered)
Armour
 l - a +0 ring mail (worn)
 o - a +0 cloak (worn)
Jewellery
 f - a ring of resist corrosion (left hand)
 k - a +6 ring of intelligence (right hand)
Scrolls
 b - 2 scrolls of teleportation
 c - 2 scrolls of vulnerability {unknown}
 e - 3 scrolls of identify {unknown}
 i - a scroll of enchant armour {unknown}
 n - a scroll of amnesia {unknown}
 q - a scroll of summoning {unknown}
 r - a scroll of magic mapping {unknown}
 s - a scroll of fear {unknown}
Potions
 a - a potion of curing {unknown}
 d - 2 potions of heal wounds {unknown}
 g - a potion of flight {unknown}
 h - 3 potions of degeneration {unknown}
 m - a potion of cancellation {unknown}
 t - a potion of mutation {unknown}


   Skills:
 * Level 6.1 Fighting
 + Level 5.0 Axes
 + Level 4.2 Armour
 + Level 3.7 Dodging


You had 5 spell levels left.
You didn't know any spells.
Your spell library was empty.

Dungeon Overview and Level Annotations

Branches:
Dungeon (4/15)
 Temple: D:4-7

Altars:
Makhleb
Trog
Vehumet
Wu Jian


Innate Abilities, Weirdness & Mutations

You have a pair of horns on your head.
You reflexively headbutt those who attack you in melee.


Message History

A white imp is nearby!
Found a stone staircase leading down.
The white imp gestures at you. The puff of frost hits you!
You hit the white imp. You headbutt the white imp.
You kill the white imp!
Trog accepts your kill.
No target in view!
You start resting.
HP restored.
t - a metallic silvery potion 2 wights come into view.
You hit the wight.
The wight is lightly damaged.
The wight hits you but does no damage. The wight hits you with a +4 scimitar!
You feel drained.
You closely miss the wight. Your headbutt misses the wight.
The wight is lightly damaged.
You closely miss the wight. The wight hits you with a +4 scimitar.
The wight hits you with a +0 hand axe.
You are too injured to fight recklessly!
You are too injured to fight recklessly!
You are too injured to fight recklessly!
You closely miss the wight.
The wight is lightly damaged.
You completely miss the wight. The wight hits you with a +4 scimitar.
You feel drained. The wight hits you with a +0 hand axe!
You feel drained.
A red film seems to cover your vision as you go berserk!
You feel yourself moving faster!
You feel mighty! The wight hits you with a +4 scimitar!
* * * LOW HITPOINT WARNING * * *
The wight hits you with a +0 hand axe.
* * * LOW HITPOINT WARNING * * *
You hit the wight.
The wight is lightly damaged.
You barely miss the wight. The wight misses you. The wight closely misses you.
You slash the wight!
The wight is almost destroyed.
You closely miss the wight. The wight hits you with a +4 scimitar!
You die...

##............#
#...........#
#...........#
#...........#
#...........##
#............## #
#.............####.##.
#...........#zz.......
#...........#@........
#..........†##........
#...........##........
#.....[.....##........
##############........
....>#### #.#### ...


You could see 2 wights.

Vanquished Creatures
  An orc warrior (D:3)
  A black bear (D:7)
  A howler monkey (D:4)
  An orc wizard (D:4)
  An adder (D:2)
  A white imp (D:7)
  3 worms
  10 orcs
  5 ball pythons
  3 endoplasms
  4 giant cockroaches
  7 hobgoblins
  4 jackals (D:1)
  4 quokkas
  8 bats
  A frilled lizard (D:3)
  5 goblins
  9 kobolds
  A rat (D:2)
70 creatures vanquished.

Vanquished Creatures (others)
  A plant (D:3)
1 creature vanquished.

Grand Total: 71 creatures vanquished

Notes
Turn   | Place    | Note
-------+----------+-------------------------------------------
     0 | D:1      | venomsnake the Minotaur Berserker began the quest for the
                  | Orb.
     0 | D:1      | Reached XP level 1. HP: 19/19 MP: 0/0
   230 | D:1      | Reached XP level 2. HP: 27/27 MP: 1/1
   240 | D:1      | Reached skill level 4 in Fighting
  1258 | D:2      | Reached XP level 3. HP: 32/33 MP: 2/2
  1539 | D:2      | Reached ** piety under Trog
  2763 | D:3      | Found a faded altar of an unknown god.
  2786 | D:3      | Found an ornate altar of the Wu Jian Council.
  2820 | D:3      | Reached XP level 4. HP: 41/41 MP: 3/3
  3057 | D:3      | Found a radiant altar of Vehumet.
  3057 | D:3      | Found a bloodstained altar of Trog.
  3749 | D:4      | Reached skill level 5 in Fighting
  3921 | D:4      | Reached XP level 5. HP: 47/48 MP: 4/4
  3939 | D:4      | Noticed an orc warrior
  3989 | D:3      | Killed an orc warrior
  4392 | D:4      | Found a burning altar of Makhleb.
  4393 | D:4      | You fall into a shaft and drop 3 floors!
  4409 | D:7      | Noticed a black bear
  4420 | D:7      | Killed a black bear
  4421 | D:7      | Reached skill level 6 in Fighting
  4421 | D:7      | Reached skill level 5 in Axes
  4421 | D:7      | Reached XP level 6. HP: 50/57 MP: 5/5
  4543 | D:7      | Slain by a wight

Illustrated notes

Levels and vault maps discovered:
D:1:      reono_arrival_mine, layout_loops_cross, serial_forest,
          infiniplex_forest_lined_room_2, infiniplex_forest_clump_C,
          infiniplex_forest_straight_2, infiniplex_forest_straight_2,
          infiniplex_forest_end_2, infiniplex_forest_straight_4,
          infiniplex_forest_straight_2
D:2:      layout_basic, serial_rivers, chequers_serial_rivers_large_a,
          chequers_serial_rivers_small_b, chequers_serial_rivers_small_3,
          chequers_serial_rivers_marsh, wad_floor_pattern_untrapped,
          minmay_pentomino_z4
D:3:      layout_basic, gammafunk_temple_overflow_pools,
          mainiacjoe_overflow_catwalk, shapermc_ecumenical_altar_mp_ritualfount,
          serial_bayou_pond_d
D:4:      layout_loops_ring, mainiacjoe_overflow_paths
D:7:      layout_basic, minmay_temple_entry_gardened_gates, ebering_ghost_xom,
          chequers_serial_rivers_micro_d, nicolae_grassy_gnolls, uniq_maggie

Skill      XL: |  1  2  3  4  5 |
---------------+----------------+-----
Fighting       | 4 5 6 |  6.1
Axes           | 4 5 |  5.0
Armour         | 3 4 |  4.2
Dodging        | 3 |  3.7

Action                   |  1- 3 |  4- 6 || total
-------------------------+-------+-------++-------
Melee: Hand axe          |   102 |    27 ||   129
       Headbutt          |    14 |     6 ||    20
       War axe           |       |    33 ||    33
Invok: Berserk           |       |     2 ||     2
  Use: Scroll            |     1 |       ||     1
Armor: Leather armour    |    25 |       ||    25
       Animal skin       |     1 |       ||     1
       Ring mail         |     1 |    16 ||    17
Dodge: Dodged            |    91 |    37 ||   128
